 Dungeon Crawl Stone Soup version 0.30.0-19-g36f170ea60 (webtiles) character file.

Game seed: 420186666731313942

170 cheesebisquit the Ogre Mage (level 5, -7/45 HPs)
             Began as an Ogre Venom Mage on May 28, 2023.
             Killed by divine providence
             ... invoked by an orc priest
              (12 damage)
             ... on level 3 of the Dungeon.
             The game lasted 00:12:24 (2827 turns).

cheesebisquit the Ogre Mage (Ogre Venom Mage)       Turns: 2827, Time: 00:12:25

Health: -7/45      AC:  3    Str: 12    XL:     5   Next: 50%
Magic:  5/11       EV:  9    Int: 18    God:
Gold:   168        SH:  0    Dex:  9    Spells: 6/12 levels left

rFire   . . .        e - +0 whip
rCold   . . .        (no shield)
rNeg    . . .        a - +0 robe
rPois   .            (helmet restricted)
rElec   .            (no cloak)
rCorr   .            (gloves unavailable)
SInv    .            (boots unavailable)
Will    .....        (no amulet)
Stlth   +            n - ring of wizardry
HPRegen 0.27/turn    (no ring)
MPRegen 0.12/turn

%: wizardry (x1)
@: no status effects
A: large, unfitting armour, tough skin 1
a: no special abilities


You were on level 3 of the Dungeon.
You visited 1 branch of the dungeon, and saw 4 of its levels.

You collected 168 gold pieces.

Inventory:

Hand Weapons
 e - a +0 whip (weapon)
Armour
 a - a +0 robe (worn)
Jewellery
 n - a ring of wizardry (left hand)
Scrolls
 c - a scroll of enchant armour {unknown}
 f - a scroll of noise {unknown}
 g - 5 scrolls of identify {unknown}
 h - a scroll of blinking {unknown}
 i - a scroll of fear {unknown}
 j - a scroll of magic mapping {unknown}
 l - 2 scrolls of poison {unknown}
 m - 2 scrolls of vulnerability {unknown}
Potions
 d - a potion of haste {unknown}
 k - a potion of flight {unknown}


   Skills:
 - Level 1.7 Dodging
 - Level 1.4 Stealth
 + Level 4.3 Spellcasting
 - Level 0.8 Transmutations
 + Level 1.8 Air Magic
 + Level 4.0 Poison Magic


You had 6 spell levels left.
You knew the following spells:

 Your Spells              Type           Power      Damage    Failure   Level
a - Sting                 Tmut/Pois      48%        1d5       2%          1
b - Poisonous Vapours     Pois/Air       28%        N/A       2%          2
c - Mephitic Cloud        Conj/Pois/Air  10%        N/A       8%          3

Your spell library contained the following spells:

 Spells                   Type           Power      Damage    Failure   Level
 Shock                    Conj/Air       28%        1d4       4%          1
 Summon Small Mammal      Summ           12%        N/A       6%          1
 Swiftness                Air            10%        N/A       9%          3
 Olgreb's Toxic Radiance  Pois           18%        N/A       11%         4
 Call Canine Familiar     Summ           3%         N/A       17%         3
 Summon Guardian Golem    Hex/Summ       3%         N/A       17%         3
 Airstrike                Air            5%         2d(1-17)  26%         4


Dungeon Overview and Level Annotations

Branches:
Dungeon (4/15)
 Temple: D:4-7

Altars:


Innate Abilities, Weirdness & Mutations

You are too large for most types of armour.
You have tough skin. (AC +1)


Message History

Aiming: Sting (safe; 2% risk of failure)
Press: ? - help, Q - select action, (/) - cycle Shift-Dir - straight line, f/p - orc
Aim: an orc, wielding a +0 dagger and wearing a +0 chain mail (poisoned, 79% to hit)
The sting hits the orc but does no damage.
The orc looks even sicker.
The orc hits you but does no damage.
Aiming: Sting (safe; 2% risk of failure)
Press: ? - help, Q - select action, (/) - cycle Shift-Dir - straight line, f/p - orc
Aim: an orc, wielding a +0 dagger and wearing a +0 chain mail (very poisoned, 79% to hit)
The sting misses the orc.
The orc hits you with a +0 dagger.
* * * LOW HITPOINT WARNING * * *
The orc priest calls upon Beogh to heal the orc.
The orc's wounds heal themselves!
Aiming: Sting (safe; 2% risk of failure)
Press: ? - help, Q - select action, (/) - cycle Shift-Dir - straight line, f/p - orc
Aim: an orc, wielding a +0 dagger and wearing a +0 chain mail (very poisoned, 79% to hit)
The sting hits the orc.
The orc looks even sicker.
The orc is lightly wounded.
The orc hits you but does no damage.
The orc priest calls upon Beogh to heal the orc.
The orc's wounds heal themselves!
Aiming: Sting (safe; 2% risk of failure)
Press: ? - help, Q - select action, (/) - cycle Shift-Dir - straight line, f/p - orc
Aim: an orc, wielding a +0 dagger and wearing a +0 chain mail (very poisoned, 79% to hit)
The sting hits the orc but does no damage.
The orc looks as sick as possible!
The orc hits you with a +0 dagger.
* * * LOW HITPOINT WARNING * * *
You barely miss the orc.
The orc is almost dead.
You kill the orc!
Aiming: Sting (safe; 2% risk of failure)
Press: ? - help, Q - select action, (/) - cycle Shift-Dir - straight line, f - orc priest
Aim: an orc priest, wielding a +0 flail and wearing a +0 leather armour (71% to hit)
The sting hits the orc priest but does no damage.
The orc priest is poisoned.
The orc priest calls down the wrath of Beogh upon you.
Beogh smites you!
You die...

#.#..)......#
####.##)###....
..#.#.......#
##.....##†####
..#.#.......#
##.######..#
....#.......#
##..........#
............#
#......#....###
#.........)##
#........##...#
##########.#
##......######.# ..##
#.######......#...#...#
...#
#..##.o@.######.#.#.###
...#
##....####....#.#.#.#
...# ###..#
#....#.#.#.#
...##########..#
#....#.#.#.#
.....##.....o>.#
#....#.#...#
......#.########
#.........## ......#.#
#######.......#
........#
#.....#.......#
###...###
#.###)#.......#


You could see an orc priest (poisoned).

Vanquished Creatures
  An orc wizard (D:3)
  Terence (D:2)
  3 gnolls (D:3)
  2 adders (D:3)
  A worm (D:3)
  2 dart slugs
  5 orcs (D:3)
  4 endoplasms
  3 giant cockroaches
  7 goblins
  7 hobgoblins
  6 jackals (D:1)
  A quokka (D:2)
  6 ball pythons
  4 bats
  A frilled lizard (D:3)
  6 kobolds
  4 rats
64 creatures vanquished.

Notes
Turn   | Place    | Note
-------+----------+-------------------------------------------
     0 | D:1      | cheesebisquit the Ogre Venom Mage began the quest for the
                  | Orb.
     0 | D:1      | Reached XP level 1. HP: 16/16 MP: 3/3
   332 | D:1      | Reached XP level 2. HP: 23/24 MP: 0/5
   580 | D:1      | Reached XP level 3. HP: 29/31 MP: 0/7
  1306 | D:2      | Learned a level 2 spell: Poisonous Vapours
  1310 | D:2      | Learned a level 3 spell: Mephitic Cloud
  1388 | D:2      | Noticed Terence
  1418 | D:2      | HP: 1/31 [kobold/+0 dagger (2)]
  1419 | D:2      | Killed Terence
  1420 | D:2      | Reached XP level 4. HP: 2/39 MP: 6/9
  1862 | D:3      | Reached skill level 1 in Air Magic
  2155 | D:3      | Reached XP level 5. HP: 43/45 MP: 0/11
  2827 | D:3      | Killed from afar by an orc priest

Illustrated notes

Levels and vault maps discovered:
D:1:      eino_arrival_cavern_e, layout_rooms
D:2:      layout_basic, uniq_terence
D:3:      layout_basic, minmay_cut_off
D:4:      layout_rooms, hangedman_abyss_or_decor_lesser_grid,
          minmay_diced_spiral

Skill      XL: |  1  2  3  4  5 |
---------------+----------------+-----
Poison Magic   | 3 4 |  4.0
Spellcasting   | 3 4 |  4.3
Air Magic      | 1 |  1.8
Dodging        | |  1.7
Stealth        | |  1.4
Transmutations | |  0.8

Action                     |  1- 3 |  4- 6 || total
---------------------------+-------+-------++-------
  Melee: Unarmed           |     2 |     6 ||     8
         Whip              |    38 |    18 ||    56
   Cast: Sting             |    77 |    61 ||   138
    Use: Potion            |     1 |     4 ||     5
 Armour: Robe              |    28 |    19 ||    47
         Skin              |       |     8 ||     8
  Dodge: Dodged            |    56 |    27 ||    83
